 Dungeon Crawl Stone Soup version 0.20.1-1-g8b1a95d (webtiles) character file.

101 joejoepie the Poker (level 5, 0/41 HPs)
             Began as a Human Berserker on Oct 25, 2017.
             Was a Believer of Trog.
             Slain by a gnoll
             ... wielding a +0 flail
              (6 damage)
             ... on level 2 of the Dungeon.
             The game lasted 00:20:28 (2872 turns).

joejoepie the Poker (Human Berserker)               Turns: 2872, Time: 00:20:28

Health: 0/41       AC:  9    Str: 18    XL:     5   Next: 4%
Magic:  5/5        EV:  8    Int:  8    God:    Trog [**....]
Gold:   98         SH:  0    Dex: 12    Spells: 4/4 levels left

rFire    + . .     SeeInvis .   a - +4 short sword
rCold    . . .     Gourm    .   (no shield)
rNeg     . . .     Faith    .   n - +0 chain mail
rPois    .         Spirit   .   (no helmet)
rElec    .         Reflect  .   (no cloak)
rCorr    .         Harm     .   (no gloves)
MR       .....                  (no boots)
Stlth    ..........             (no amulet)
Regen    0.2/turn               p - ring of protection from fire
MPRegen  0.1/turn               (no ring)

@: no status effects
A: no striking features
a: Berserk, Trog's Hand, Burn Spellbooks, Renounce Religion


You were on level 2 of the Dungeon.
You worshipped Trog.
Trog was pleased with you.
You were not hungry.

You visited 1 branch of the dungeon, and saw 2 of its levels.

You collected 98 gold pieces.

Inventory:

Hand Weapons
 a - a +4 short sword (weapon)
 b - a +0 hunting sling
 e - a +4 dagger of speed
 g - a +0 short sword of venom
 i - a +0 spear
Missiles
 k - 95 stones
 l - 3 tomahawks (quivered)
 q - 24 sling bullets
Armour
 d - a +0 ring mail
 h - a +0 animal skin
 m - a +0 helmet
 n - a +0 chain mail (worn)
Jewellery
 f - an uncursed amulet of harm
 p - a ring of protection from fire (left hand)
Scrolls
 j - a scroll of identify
Potions
 o - a potion of curing
Books
 r - a book of Cantrips

   Spells                             Type                      Level
   a - Confusing Touch                Hexes                        1
   b - Animate Skeleton               Necromancy                   1
   c - Summon Small Mammal            Summoning                    1
   d - Apportation                    Translocation                1
   Trog disapproves of the use of such an item.
Comestibles
 c - a bread ration
 s - a chunk of flesh


   Skills:
 + Level 3.6 Fighting
 + Level 1.5 Short Blades
 + Level 3.6 Polearms
 + Level 2.8 Armour
 + Level 2.5 Dodging
 + Level 0.2 Stealth


You had 4 spell levels left.
You didn't know any spells.

Dungeon Overview and Level Annotations

Branches:
Dungeon (2/15)

Altars:
Zin


Message History

You closely miss the gnoll. The gnoll hits you with a flail.
You hit the gnoll.
The gnoll is moderately wounded.
The gnoll hits you with a flail!
You see here a club.
You barely miss the gnoll.
The gnoll is moderately wounded.
The gnoll hits you with a flail.
You puncture the gnoll!
The gnoll is almost dead.
The gnoll misses you. The gnoll closely misses you.
You barely miss the gnoll.
The gnoll is almost dead.
The gnoll hits you from afar with a halberd!
The gnoll hits you with a flail!
* * * LOW HITPOINT WARNING * * *
You barely miss the gnoll.
The gnoll is almost dead.
The gnoll hits you with a flail.
You die...

##.####.##...# #.# #......# .#.#
#......# ####.# #......# .#.#
#.##...# #..)g#######.#....
..)####.##...###.##........ ####.
.....##.###.#.##.##.####### #.
.....##.###.....g##.#### #.
.....##...........#.##.#########.
#...............g.#.##.##......#.
#...............@.#.##.##.####.#.
#........##.......#.##......##.#.
#.................#..............
#......#..#...##.##.##.##........
########.......#.##....##.#.##...
####..........%...........
#.......#.#####.#.####.
###.##..#.# #......#. #.##..#<#
#.#.##.##


You could see 2 gnolls.

Vanquished Creatures
  Robin (D:2)
  A gnoll (D:2)
  3 worms (D:2)
  2 dart slugs (D:1)
  3 giant cockroaches
  11 goblins (D:2)
  8 hobgoblins
  8 jackals (D:1)
  11 bats
  5 frilled lizards
  A giant cockroach zombie (D:1)
  A jackal zombie (D:1)
  7 kobolds
  4 rats
66 creatures vanquished.

Notes
Turn   | Place    | Note
-------+----------+-------------------------------------------
     0 | D:1      | joejoepie the Human Berserker began the quest for the Orb.
     0 | D:1      | Reached XP level 1. HP: 18/18 MP: 1/1
   312 | D:1      | Reached XP level 2. HP: 19/24 MP: 2/2
   710 | D:1      | Reached XP level 3. HP: 19/29 MP: 3/3
  1281 | D:2      | Reached ** piety under Trog
  1558 | D:2      | Reached XP level 4. HP: 35/35 MP: 4/4
  1855 | D:2      | Noticed Robin
  2198 | D:2      | Killed Robin
  2198 | D:2      | Reached skill level 1 in Short Blades
  2694 | D:2      | Found a glowing silver altar of Zin.
  2856 | D:2      | Reached XP level 5. HP: 41/41 MP: 5/5
  2872 | D:2      | Slain by a gnoll

Skill      XL: |  1  2  3  4 |
---------------+-------------+-----
Short Blades   | 1 |  1.5
Fighting       | |  3.6
Polearms       | |  3.6
Armour         | |  2.8
Dodging        | |  2.5
Stealth        | |  0.2

Action                   |  1- 3 |  4- 6 || total
-------------------------+-------+-------++-------
Melee: Spear             |    63 |       ||    63
       Short sword       |    64 |    96 ||   160
  Use: Scroll            |     2 |     1 ||     3
       Potion            |     2 |       ||     2
  Eat: Chunk             |     2 |     2 ||     4
       Royal jelly       |       |     1 ||     1
Armor: Ring mail         |    50 |     5 ||    55
       Animal skin       |     3 |       ||     3
       Chain mail        |       |    69 ||    69
Dodge: Dodged            |    75 |    46 ||   121
